 Dungeon Crawl Stone Soup version 0.23.2-40-g277498a (webtiles) character file.

Game seed: 16029247971998857872

131 Bucky5 the Bolt Thrower (level 5, -4/31 HPs)
             Began as a Kobold Hunter on Oct 18, 2019.
             Slain by a phantom (6 damage)
             ... on level 4 of the Dungeon.
             The game lasted 00:02:53 (3767 turns).

Bucky5 the Bolt Thrower (Kobold Hunter)             Turns: 3767, Time: 00:02:54

Health: -4/31      AC:  4    Str: 11    XL:     5   Next: 37%
Magic:  5/5        EV: 15    Int: 12    God:
Gold:   233        SH:  0    Dex: 15    Spells: 4/4 levels left

rFire    . . .     SeeInvis .   a - +1 hand crossbow
rCold    . . .     Gourm    .   (shield restricted)
rNeg     . . .     Faith    .   c - +0 leather armour
rPois    .         Spirit   .   (no helmet)
rElec    .         Reflect  .   (no cloak)
rCorr    .         Harm     .   n - +0 pair of gloves
MR       .....                  (no boots)
Stlth    ++........             (no amulet)
HPRegen  0.10/turn              (no ring)
MPRegen  0.09/turn              (no ring)

@: no status effects
A: small, carnivore
a: no special abilities


You were on level 4 of the Dungeon.
You were very full.

You visited 1 branch of the dungeon, and saw 4 of its levels.

You collected 233 gold pieces.

Inventory:

Hand Weapons
 a - a +1 hand crossbow (weapon)
 b - a +0 short sword
Armour
 c - a +0 leather armour (worn)
 n - a +0 pair of gloves (worn)
Scrolls
 e - 3 scrolls of identify {unknown}
 i - a scroll of magic mapping {unknown}
 j - a scroll of remove curse {unknown}
 k - 2 scrolls of teleportation {unknown}
 o - a scroll of immolation {unknown}
Potions
 g - a potion of agility {unknown}
 h - 3 potions of curing {unknown}
 l - 2 potions of might {unknown}
 m - 2 potions of ambrosia {unknown}
Comestibles
 f - 5 rations


   Skills:
 + Level 2.7 Fighting
 + Level 6.8 Crossbows
 + Level 1.2 Armour
 + Level 2.6 Dodging
 + Level 1.8 Stealth


You had 4 spell levels left.
You didn't know any spells.
Your spell library was empty.

Dungeon Overview and Level Annotations

Branches:
Dungeon (4/15)
 Temple: D:4-7

Altars:
Gozag
Xom
Zin


Innate Abilities, Weirdness & Mutations

You are small and have problems with some larger weapons.
You are carnivorous and can eat meat at any time.


Message History

You shoot a bolt. The bolt hits the jackal!
You kill the jackal!
A hound comes into view.
You see here a bolt.
d - a bolt Firing (i - inventory)
d - a bolt (quivered)
Press: ? - help, Shift-Dir - straight line, f - phantom
Aim: a phantom You shoot a bolt.
The bolt hits the phantom.
The phantom is lightly damaged.
The phantom misses you.
You see here a bolt.
d - a bolt The phantom hits you.
* * * LOW HITPOINT WARNING * * *
Firing (i - inventory)
d - a bolt (quivered)
Press: ? - help, Shift-Dir - straight line, f/p - phantom
Aim: a phantom (lightly damaged)
You shoot a bolt. The bolt closely misses the phantom.
The phantom hits you.
You die...

............#
######......## #
#.......##### .###
#...........######....
#..>........#..(...#
#...........#......###
###.............((..(.
#############'...W...((.###
.............'..@........(.
##....########.......###.##
#....# #..###### # #....#
##.## ###### #..# ##.# #h#
#.# ####.##


You could see a phantom.

Vanquished Creatures
  A howler monkey (D:4)
  2 adders (D:3)
  4 worms
  4 dart slugs
  An orc (D:3)
  2 giant cockroaches
  4 goblins
  8 hobgoblins
  6 jackals
  3 quokkas (D:3)
  8 bats
  3 frilled lizards
  2 kobolds
  5 rats
53 creatures vanquished.

Notes
Turn   | Place    | Note
-------+----------+-------------------------------------------
     0 | D:1      | Bucky5 the Kobold Hunter began the quest for the Orb.
     0 | D:1      | Reached XP level 1. HP: 12/12 MP: 1/1
    22 | D:1      | Reached skill level 5 in Crossbows
    91 | D:1      | Reached XP level 2. HP: 17/17 MP: 2/2
   552 | D:1      | Reached XP level 3. HP: 20/21 MP: 3/3
  1044 | D:2      | Reached skill level 6 in Crossbows
  1222 | D:2      | Reached XP level 4. HP: 27/27 MP: 4/4
  1225 | D:2      | Found a shimmering altar of Xom.
  1240 | D:2      | Noticed an angel
  1293 | D:2      | Found a glowing silver altar of Zin.
  1925 | D:3      | HP: 1/27 [poisoned by a kobold]
  2335 | D:3      | Found an opulent altar of Gozag.
  2637 | D:3      | You fall through a shaft!
  2742 | D:4      | Reached skill level 1 in Armour
  2742 | D:4      | Reached XP level 5. HP: 31/31 MP: 5/5
  2753 | D:4      | Noticed a phantom
  3767 | D:4      | Slain by a phantom

Skill      XL: |  1  2  3  4 |
---------------+-------------+-----
Crossbows      | 5 6 |  6.8
Armour         | 1 |  1.2
Fighting       | |  2.7
Dodging        | |  2.6
Stealth        | |  1.8

Action                   |  1- 3 |  4- 6 || total
-------------------------+-------+-------++-------
Melee: Short sword       |       |    40 ||    40
 Fire: Hand crossbow     |    74 |    51 ||   125
 Stab: Sleeping          |       |     1 ||     1
  Eat: Chunk             |     9 |     7 ||    16
Armor: Leather armour    |     4 |    11 ||    15
Dodge: Dodged            |    19 |    53 ||    72
